Unix NetHack Version 5.0.0-0 post-release - last build May  4 2026 22:22:43 (774f63e81ad911689b3a0859ea89b322d5daca8d,branch:main).

Game began 2026-05-06 17:04:18, ended 2026-05-07 05:36:11.

01246791210, lawful male human Samurai

                            --
   -----                    -.-
  --.|.-                     ..--
  |..... --#-                ..>
  --...--#..---               ..
 --.....-#....|             --G^-
 |............--    ----     (..|
 |.............|     ...-     %G|
 ---...........----   -..------.---
   |...<.....*....| ----.....--GG.--                 --
  --^......|......---..---......@..-------     ........-
  |......----.--.........h.............................|
  --....--  ---|....................-------           --
   ------      |........--.---.......|
               --.|..------- --...|.--
                --|..|        |..----
                  ----        ----
01246791210 the Ronin  St:15 Dx:16 Co:15 In:11 Wi:8 Ch:7  Lawful
Dlvl:4  $:8  HP:0(21) Pw:11(11) AC:4  Xp:3 T:1679 

Latest messages:
 You hit the orc zombie.
 The hobbit shoots a rock!
 A rock misses you.
 You hit the orc zombie.
 The orc zombie hits!
 You destroy the orc zombie!
 The hobbit shoots a rock!
 A rock misses you.
 The hobbit picks up a rock.
 You miss the gnomish wizard.
 The gnomish wizard points at you, then curses.
 You miss the gnomish wizard.
 You miss the gnomish wizard.
 The air crackles around the gnomish wizard.
 You hit the gnomish wizard.
 You hit the gnomish wizard.
 The gnomish wizard points at you, then curses.
 You miss the gnomish wizard.
 You miss the gnomish wizard.
 You hit the gnomish wizard.
 You hit the gnomish wizard.
 The gnomish wizard points all around, then curses.
 The gnome hits!
 You miss the gnomish wizard.
 You hit the gnomish wizard.
 You miss the gnomish wizard.
 You miss the gnomish wizard.
 The gnomish wizard points at you, then curses.
 The gnome misses!
 You hit the gnomish wizard.
 The air crackles around the gnomish wizard.
 You miss the gnomish wizard.
 The gnomish wizard points all around, then curses.
 The gnome hits!
 You hit the gnomish wizard.
 You miss the gnomish wizard.
 The gnomish wizard points at you, then curses.
 You hit the gnomish wizard.
 You hit the gnomish wizard.
 The gnomish wizard points all around, then curses.
 The gnome hits!
 You miss the gnomish wizard.
 The gnomish wizard points all around, then curses.
 The gnome hits!
 You die...
 Do you want your possessions identified? [ynq] (y) n
 Do you want to see your attributes? [ynq] (y) n
 Do you want an account of creatures vanquished? [ynaq] (y) n
 Do you want to see your conduct and achievements? [ynq] (y) n
 Do you want to see the dungeon overview? [ynq] (y) n

Inventory:
 Coins    ('$')
  $ - 8 gold pieces
 Weapons  (')')
  g - 7 +0 arrows
  d - 36 +0 ya (in quiver)
  c - a +0 yumi (weapon in right hand)
  k - a cursed +0 orcish dagger
  a - a +0 katana (alternate weapon; not wielded)
  b - a +0 wakizashi
 Armor    ('[')
  e - an uncursed rustproof +0 splint mail (being worn)
 Comestibles  ('%')
  t - an uncursed gunyoki
  m - 2 uncursed lichen corpses
 Potions  ('!')
  w - an uncursed potion of healing
  q - an uncursed potion of object detection
  n - an uncursed potion of see invisible
 Tools    ('(')
  f - an uncursed blindfold
  s - an uncursed blindfold
  h - a cursed skeleton key
 Gems/Stones  ('*')
  v - an uncursed worthless piece of red glass
 Boulders/Statues  ('`')
  j - an empty uncursed statue of a newt

01246791210 the Samurai's attributes:

Background:
 You were a Ronin, a level 3 male human Samurai.
 You were lawful, nominally on a mission for Amaterasu Omikami
 who was opposed by Raijin (neutral) and Susanowo (chaotic).
 You were right-handed.
 You were in the Gnomish Mines, on level 4.
 You entered the dungeon 1679 turns ago.
 It was nighttime.
 You had 57 experience points, 23 more were needed to attain level 4.

Basics:
 You had 0 out of 21 hit points.
 You had all 11 energy points (spell power).
 Your armor class was 4.
 Your wallet contained 8 zorkmids.
 Autopickup was off.

Final Characteristics:
 Your strength was 15 (limit:18/100).
 Your dexterity was 16 (limit:18).
 Your constitution was 15 (peak:18, limit:18).
 Your intelligence was 11 (limit:18).
 Your wisdom was 8 (limit:18).
 Your charisma was 7 (limit:18).

Final Status:
 You weren't hungry.
 You were unencumbered.
 You were wielding a bow.
 You had basic skill with bow.

Final Attributes:
 You were devoutly aligned.
 You were warded.
 You were fast.
 You are dead.

Miscellaneous:
 You didn't encounter any bones levels.
 Total elapsed playing time was 33 minutes and 47 seconds.

Major events:
 Turn
    1: 01246791210 the lawful male human Samurai entered the dungeon
 1548: entered the Gnomish Mines
 1561: attained the rank of Ronin (level 3)
 1679: killed by a gnome

You didn't know any spells.

Skills:
 Fighting Skills
   martial arts      [Basic]
   two weapon combat [Unskilled]
   riding            [Unskilled]
 Weapon Skills
   dagger            [Unskilled]
   knife             [Unskilled]
   short sword       [Basic]
   broadsword        [Unskilled]
   long sword        [Basic]
   two-handed sword  [Unskilled]
   saber             [Unskilled]
   flail             [Unskilled]
   quarterstaff      [Unskilled]
   polearms          [Unskilled]
   spear             [Unskilled]
   lance             [Unskilled]
   bow               [Basic]
   shuriken          [Unskilled]
 Spellcasting Skills
   attack spells     [Unskilled]
   divination spells [Unskilled]
   clerical spells   [Unskilled]

Voluntary challenges:
 Character rerolling was not enabled.
 You followed a strict vegan diet.
 You were an atheist.
 You were illiterate.
 You never genocided any monsters.
 You never polymorphed an object.
 You never changed form.
 You used no wishes.
Achievements:
 You entered a shop.
 You entered the Gnomish Mines.
 You attained the rank of Ronin.

 The Dungeons of Doom: levels 1 to 3
    Level 1:
       A fountain.
    Level 2:
       A general store, some altars.
    Level 3:
       Many fountains, a sink.
       Stairs down to The Gnomish Mines.
 The Gnomish Mines:
    Level 4: <- You were here.
       Final resting place for
          you, killed by a gnome.


Vanquished creatures:
  2 orc zombies
  a yellow mold
  6 gnomes
  2 geckos
  4 jackals
  a fox
  a goblin
  3 sewer rats
  5 grid bugs
  5 lichens
  4 newts
34 creatures vanquished.

No species were genocided or became extinct.

Game over:
                       ----------
                      /          \
                     /    REST    \
                    /      IN      \
                   /     PEACE      \
                  /                  \
                  |   01246791210    |
                  |       8 Au       |
                  |   killed by a    |
                  |      gnome       |
                  |                  |
                  |                  |
                  |       2026       |
                 *|     *  *  *      | *
        _________)/\\_//(\/(/\)/\//\/|_)_______

Sayonara 01246791210 the Samurai...

You died in The Gnomish Mines on dungeon level 4 with 386 points,
and 8 pieces of gold, after 1679 moves.
You were level 3 with a maximum of 21 hit points when you died.

